AoeStats
← 野猪也疯狂

Arabia

507919642Analyzed
1v1 RM · 13d ago on Sep 20, 2026· 50m 35s· 2 players
Game mode
Random Map
Map size
Tiny (2 player)
Population
200
Speed
Normal
Resources
Standard
Victory
Conquest
Starting age
Dark Age
Ending age
Imperial Age
RankedLock teamsTeams togetherTeam positionsShared explorationLock speedFull tech treeHidden civsTurbo modeCheats
Victory
Defeat
1397
+15
🇦🇷 Mongols · Argentina
1365
-15
野猪也疯狂
9:25 Feudal Age
9:31 Man-at-Arms
10:02 Loom
10:13 Double-Bit Axe
15:11 Fletching
18:28 Padded Archer Armor
19:59 Wheelbarrow
20:24 Horse Collar
25:44 Castle Age
24:45 Gold Mining
25:08 Bloodlines
26:26 Bodkin Arrow
26:47 Leather Archer Armor
27:17 Bow Saw
27:27 Husbandry
28:33 Hand Cart
31:47 Ballistics
34:56 Heavy Plow
39:52 Imperial Age
41:15 Murder Holes
42:38 Bracer
44:49 Gold Shaft Mining
44:04 Stone Mining
46:53 Parthian Tactics
47:35 Conscription
50:16 Chemistry
49:07 Heavy Cavalry Archer
[HVN] RaoTheRuthless
5:13 Loom
10:01 Feudal Age
10:19 Man-at-Arms
10:49 Double-Bit Axe
11:41 Horse Collar
15:12 Padded Archer Armor
18:10 Fletching
23:45 Castle Age
22:04 Gold Mining
23:45 Scale Barding Armor
24:41 Forging
24:47 Bloodlines
24:37 Husbandry
24:03 Light Cavalry
25:29 Stone Mining
27:05 Chain Barding Armor
27:05 Heavy Plow
29:27 Iron Casting
32:02 Stone Shaft Mining
32:29 Wheelbarrow
32:57 Elite Skirmisher
36:02 Ballistics
37:08 Gold Shaft Mining
37:19 Thumb Ring
39:11 Masonry
44:38 Imperial Age
42:44 Bodkin Arrow
43:08 Leather Archer Armor
43:07 Town Watch
43:39 Hand Cart
44:09 Bow Saw
44:42 Heavy Camel Rider
45:25 Bracer
46:30 Chemistry
46:43 Ring Archer Armor
47:16 Blast Furnace
48:48 Imperial Camel Rider
48:54 Hussar
51:16 Plate Barding Armor
Connection lost

Rejoining the realm…

Still unreachable

The connection could not be restored.

Session expired

The server has moved on; the page needs a fresh start.